 Dungeon Crawl Stone Soup version 0.18-a0-1649-g8d9735b (webtiles) character file.

52 4thArraOfDagon the Chucker (level 3, -1/39 HPs)
             Began as an Ogre Hunter on Mar 29, 2016.
             Slain by an orc
             ... wielding a +0 short sword
              (5 damage)
             ... on level 3 of the Dungeon.
             The game lasted 00:04:14 (724 turns).

4thArraOfDagon the Chucker (Ogre Hunter)             Turns: 724, Time: 00:04:15

Health: -1/39      AC:  3    Str: 17    XL:     3   Next: 85%
Magic:  3/3        EV: 10    Int: 15    God:
Gold:   85         SH:  0    Dex: 10    Spells: 0 memorised, 2 levels left

rFire  . . .     SeeInvis .     g - +0 club
rCold  . . .     Gourm    .     b - +0 robe
rNeg   . . .     Faith    .     (no shield)
rPois  +         Spirit   .     (helmet restricted)
rElec  .         Dismiss  .     (no cloak)
rCorr  .         Reflect  .     (gloves unavailable)
SustAt .         Harm     .     (boots unavailable)
MR     .....                    r - amulet of magic regeneration
Stlth  +.........               n - +4 ring of intelligence
                                s - ring of poison resistance

@: not resistant to hostile enchantments, very unstealthy
A: unfitting armour, tough skin 1
a: no special abilities


You were on level 3 of the Dungeon.
You were not hungry.

You visited 1 branch of the dungeon, and saw 3 of its levels.

You collected 85 gold pieces.

Inventory:

Hand Weapons
 g - a +0 club (weapon)
Missiles
 c - 2 large rocks (quivered)
 d - 2 throwing nets
Armour
 b - a +0 robe (worn)
Magical Staves
 q - an uncursed staff of power {!a}
Jewellery
 e - a +3 ring of intelligence
 n - a +4 ring of intelligence (right hand)
 r - an amulet of magic regeneration (around neck)
 s - a ring of poison resistance (left hand)
Scrolls
 i - a scroll of immolation {unknown}
 j - a scroll of remove curse
 m - a scroll of teleportation {unknown}
 p - a scroll of enchant armour {unknown}
Potions
 h - a potion of magic {unknown}
 k - 2 potions of berserk rage {unknown}
 l - a potion of haste {unknown}
Comestibles
 a - a meat ration
 f - 3 bread rations
 o - a beef jerky


   Skills:
 + Level 4.0 Fighting
 * Level 3.2 Maces & Flails
 - Level 4.0 Throwing
 - Level 1.7 Dodging
 - Level 0.7 Stealth


You had 2 spell levels left.
You didn't know any spells.

Dungeon Overview and Level Annotations

Branches:
Dungeon (3/15)

Altars:
Cheibriados
Fedhas
Qazlal


Innate Abilities, Weirdness & Mutations

You are too large for most types of armour.
You have tough skin (AC +1).


Message History

Found 15 gold pieces.
There is an open door here.
Unknown command.
Found a scroll labeled YMNUOWN KOUZA and 18 stones.
You close the door.
The orc hits you but does no damage.
You hit the orc but do no damage. The orc barely misses you.
Throwing (i - inventory. (,) - cycle):
c - 4 large rocks (quivered)
Press: ? - help, Shift-Dir - straight line, f - orc
Aim: an orc, wielding a short sword and wearing a leather armour You throw a large rock.
The large rock closely misses the orc.
The orc hits you with a short sword.
* * * LOW HITPOINT WARNING * * *
The orc hits you but does no damage.
Throwing (i - inventory. (,) - cycle):
c - 3 large rocks (quivered)
Press: ? - help, Shift-Dir - straight line, f/p - orc
Aim: an orc, wielding a short sword and wearing a leather armour You throw a large rock.
The large rock hits the orc.
The orc is heavily wounded.
The orc hits you with a short sword.
You die...

........ g.g.....
####+### #.......
#.......# ........
#...♣...# .#.....#
#..≈(≈?.#
.#...#.#####.♣.≈.♣.#
##.#.#.#...#..≈?≈..#
.#...#<#.###$..♣...#
.#.....#.# #(..o@..#
.....###.# ####+####
#........# #.# ##
..w..#####
#.####.... ####.#
#......# ####.##
#######.#####
......# #..w.....#
###...# #.####...# #
#.).# #.# #.#.#


You could see an orc.

Vanquished Creatures
  A gnoll (D:3)
  An ooze (D:1)
  A worm (D:2)
  3 giant geckos
  An orc (D:3)
  2 bats (D:1)
  2 giant cockroaches
  7 goblins
  4 hobgoblins
  4 kobolds
  3 rats (D:1)
29 creatures vanquished.

Notes
Turn   | Place    | Note
--------------------------------------------------------------
     0 | D:1      | 4thArraOfDagon the Ogre Hunter began the quest for the Orb.
     0 | D:1      | Reached XP level 1. HP: 22/22 MP: 1/1
    35 | D:1      | Reached skill level 1 in Maces & Flails
    35 | D:1      | Reached XP level 2. HP: 31/31 MP: 2/2
   234 | D:1      | Reached XP level 3. HP: 10/37 MP: 3/3
   269 | D:2      | Found a faded altar to an unknown god.
   395 | D:3      | Found a snail-covered altar of Cheibriados.
   396 | D:3      | Found a blossoming altar of Fedhas.
   564 | D:3      | Found a stormy altar of Qazlal.
   587 | D:3      | HP: 1/39 [gnoll/club (9)]
   724 | D:3      | Slain by an orc

Vault maps used:
D:1:      onia_arrival_pentagram, nemelex_diamond_rough_becter
D:2:      ecumenical_altar_2, st_stairs_1, uniq_natasha, uniq_jessica
D:3:      nicolae_overflow_hidden_temple, amethyst_killhole,
          kennysheep_generic_room_10

Skill      XL: |  1  2  3 |
---------------+----------+-----
Fighting       | 3 4 |  4.0
Maces & Flails | 1 2 3 |  3.2
Throwing       | |  4.0
Dodging        | |  1.7
Stealth        | |  0.7

Action                   || total
-------------------------++-------
Melee: Short sword       ||    13
       Club              ||    79
       Staff             ||     3
Throw: Large rock        ||    18
       Throwing net      ||     2
  Use: Scroll            ||     3
